 Dungeon Crawl Stone Soup version 0.27-a0-95-g5a9077b8ae (webtiles) character file.

Game seed: 52949754465080902

49 kae the Insei (level 3, 0/23 HPs)
             Began as a Tengu Monk on Jan 18, 2021.
             Succumbed to a worker ant's poison
             ... on level 2 of the Dungeon.
             The game lasted 00:00:41 (1416 turns).

kae the Insei (Tengu Monk)                          Turns: 1416, Time: 00:00:42

Health: 0/23       AC:  2    Str: 12    XL:     3   Next: 77%
Magic:  4/4        EV: 14    Int: 10    God:
Gold:   107        SH:  0    Dex: 16    Spells: 2/2 levels left

rFire    . . .     SeeInvis .     - Unarmed
rCold    . . .     Faith    .   (no shield)
rNeg     . . .     Spirit   .   a - +0 robe
rPois    .         Reflect  .   (helmet restricted)
rElec    .         Harm     .   (no cloak)
rCorr    .         Rampage  .   (no gloves)
Will     .....                  (boots unavailable)
Stlth    ++........             (no amulet)
HPRegen  0.07/turn              (no ring)
MPRegen  0.09/turn              (no ring)

@: lethally poisoned (0 -> -12)
A: beak, talons 3
a: no special abilities


You were on level 2 of the Dungeon.
You visited 1 branch of the dungeon, and saw 2 of its levels.

You collected 107 gold pieces.

Inventory:

Armour
 a - a +0 robe (worn)
Jewellery
 c - an uncursed amulet of faith
Scrolls
 b - a scroll of identify
 g - a scroll of fear {unknown}
Potions
 d - a potion of invisibility
 e - a potion of might {unknown}
 f - a potion of flight {unknown}
 h - a potion of brilliance {unknown}
 i - a potion of curing {unknown}


   Skills:
 + Level 3.3 Fighting
 + Level 1.3 Armour
 + Level 3.7 Dodging
 - Level 2.0 Stealth
 * Level 4.1 Unarmed Combat


You had 2 spell levels left.
You didn't know any spells.
Your spell library was empty.

Dungeon Overview and Level Annotations

Branches:
Dungeon (2/15)

Altars:


Innate Abilities, Weirdness & Mutations

You have a beak for a mouth.
You have claws for feet.


Message History

There are monsters nearby!
You are too injured to fight recklessly!
You are too injured to fight recklessly!
There are monsters nearby!
You are too injured to fight recklessly!
You are too injured to fight recklessly!
You are too injured to fight recklessly!
You are too injured to fight recklessly!
You feel sick.
You feel sick. The worker ant bites you!
* * * LOW HITPOINT WARNING * * *
You are more poisoned.
The worker ant poisons you!
You see here a stone.
* * * LOW HITPOINT WARNING * * *
You feel sick. The worker ant barely misses you.
* * * LOW HITPOINT WARNING * * *
You feel sick.
You die...

....... ## ...... # #.
#.... .#. #.... #.#
###....##.# #.........#
..........#
#?"....(.Z#############
###...)##.KB.@.<......##
#.... ############...#
#..Z. ########.#.###
...#.# #...##...#...# #
#####. #.#..†.#####.# .
.. #...##...#...# # ##
##.#####.#.### #.# #...#
#.# #####


You could see a worker ant, a kobold and a quokka skeleton.

Vanquished Creatures
  An adder (D:2)
  An ufetubus (D:2)
  4 dart slugs
  A leopard gecko (D:1)
  4 bats
  2 giant cockroaches
  2 goblins
  4 hobgoblins
  3 kobolds
  A frilled lizard (D:1)
  4 rats
27 creatures vanquished.

Vanquished Creatures (others)
  A fungus (D:2)
1 creature vanquished.

Grand Total: 28 creatures vanquished

Notes
Turn   | Place    | Note
-------+----------+-------------------------------------------
     0 | D:1      | kae the Tengu Monk began the quest for the Orb.
     0 | D:1      | Reached XP level 1. HP: 14/14 MP: 2/2
   212 | D:1      | Reached XP level 2. HP: 19/19 MP: 3/3
   689 | D:1      | Reached skill level 1 in Armour
  1017 | D:1      | Reached XP level 3. HP: 23/23 MP: 4/4
  1119 | D:2      | Reached skill level 4 in Unarmed Combat
  1415 | D:2      | HP: 1/23 [poisoned by a worker ant]
  1416 | D:2      | Succumbed to a worker ant's poison

Illustrated notes

Levels and vault maps discovered:
D:1:      minmay_arrival_up_and_down, layout_basic, serial_park_tiny_2,
          minivault_14, nrook_uturn
D:2:      layout_loops_ring, uniq_robin, uniq_crazy_yiuf_cottage

Skill      XL: |  1  2  3 |
---------------+----------+-----
Armour         | 1 |  1.3
Unarmed Combat | 4 |  4.1
Fighting       | |  3.3
Dodging        | |  3.7
Stealth        | |  2.0

Action                   || total
-------------------------++-------
Melee: Unarmed           ||    63
       Kick              ||    18
       Peck              ||     9
       Punch             ||     1
  Use: Scroll            ||     3
 Stab: Sleeping          ||     4
Armor: Robe              ||    10
Dodge: Dodged            ||    53

Table legend: (Time is in decaauts)
 A = Elapsed time spent in this place.
 B = Non-inter-level travel time spent in this place.
 C = Inter-level travel time spent in this place.
 D = Time resting spent in this place.
 E = Time spent auto-exploring this place.
 F = Levels seen in this place.
 G = Mean time per level.
                   A        B        C        D        E       F      G
               +--------+--------+--------+--------+--------+-----+--------+
         Total |   1411 |   1339 |     72 |    517 |    656 |   2 |  705.5 |
       Dungeon |   1411 |   1339 |     72 |    517 |    656 |   2 |  705.5 |
               +--------+--------+--------+--------+--------+-----+--------+

Top non-repeatable levels by time:
     D:1: 1086 daAuts
     D:2: 325 daAuts
